 Dungeon Crawl Stone Soup version 0.30-a0-626-gd6a5dd7a1f (webtiles) character file.

Game seed: 5775812219551436375

897 Rrauwl the Basher (level 8, -2/69 (78) HPs)
             Began as an Ogre Gladiator on Jan 11, 2023.
             Was a Believer of Okawaru.
             Slain by a wight
             ... wielding a +0 great sword
              (18 damage)
             ... on level 5 of the Dungeon.
             The game lasted 00:14:08 (4161 turns).

Rrauwl the Basher (Ogre Gladiator)                  Turns: 4161, Time: 00:14:09

HP:   -2/69 (78)    AC:  4    Str: 25    XL:     8   Next: 7%
MP:   8/8           EV: 10    Int: 15    God:    Okawaru [**....]
Gold: 74            SH:  0    Dex:  9    Spells: 7/7 levels left

rFire   . . .      SeeInvis .    a - +9 morningstar of the Wraith {venom, Fly Int+7 Stlth+}
rCold   + . .      Faith    .    (no shield)
rNeg    . . .      Spirit   .    n - +0 robe {Will+}
rPois   .          Reflect  .    c - +1 hat
rElec   .          Harm     .    (no cloak)
rCorr   +          Rampage  .    (gloves unavailable)
Will    +....                    (boots unavailable)
Stlth   ++                       (no amulet)
HPRegen 0.31/turn                f - ring of protection from cold
MPRegen 0.11/turn                i - ring of resist corrosion

@: flying, heavily drained
A: large, unfitting armour, tough skin 1, strong 1
a: Renounce Religion, Heroism


You were on level 5 of the Dungeon.
You worshipped Okawaru.
Okawaru was pleased with you.
You visited 2 branches of the dungeon, and saw 7 of its levels.

You collected 266 gold pieces.
You spent 192 gold pieces at shops.

Inventory:

Hand Weapons
 a - the +9 morningstar of the Wraith (weapon) {venom, Fly Int+7 Stlth+}
   (You found it on level 5 of the Dungeon)

   Int:       It affects your intelligence (+7).
   Fly:       It grants you flight.
   Stlth:     It makes you more stealthy.
 q - a +0 giant club
Missiles
 d - a throwing net (quivered)
 e - a large rock
Armour
 c - a +1 hat (worn)
 n - a +0 robe of willpower (worn)
Jewellery
 f - a ring of protection from cold (left hand)
 i - a ring of resist corrosion (right hand)
Scrolls
 g - a scroll of brand weapon
 h - 2 scrolls of magic mapping
 j - 3 scrolls of teleportation
 k - 4 scrolls of identify
 l - 3 scrolls of blinking
 m - a scroll of fear
 o - a scroll of enchant weapon
 p - a scroll of poison
Potions
 b - a potion of magic


   Skills:
 - Level 4.0 Fighting
 + Level 8.3 Maces & Flails
 - Level 2.0 Throwing
 - Level 3.0 Dodging


You had 7 spell levels left.
You didn't know any spells.
Your spell library contained the following spells:

 Spells                   Type           Power      Damage    Failure   Level
 Hailstorm                Conj/Ice       0%         3d3       63%         3
 Blade Hands              Tmut           0%         N/A       100%        5
 Irradiate                Conj/Tmut      0%         3d11      100%        5
 Conjure Ball Lightning   Conj/Air       0%         3x3d6     100%        6
 Dragon Form              Tmut           0%         N/A       100%        7
 Summon Small Mammal      Summ           Unusable   N/A       N/A         1
 Summon Lightning Spire   Summ/Air       Unusable   N/A       N/A         4

Dungeon Overview and Level Annotations

Branches:
Dungeon (6/15)             Temple (1/1) D:5

Altars:
Ashenzari
Cheibriados
Dithmenos
Elyvilon
Fedhas
Gozag
Makhleb
Nemelex Xobeh
Okawaru
Qazlal
Ru
Sif Muna
Trog
Wu Jian
Xom
Yredelemnul
Zin
The Shining One

Shops:
D:5 ?


Innate Abilities, Weirdness & Mutations

You are too large for most types of armour.
You have tough skin. (AC +1)
Your muscles are strong. (Str +4, Int/Dex -1)


Message History

Your Maces & Flails skill increases to level 8!
You barely miss the ogre.
The ogre hits you with a +0 giant club!!
You sock the ogre!
The ogre is poisoned.
The ogre is heavily wounded.
The ogre closely misses you.
You sock the ogre!
The ogre looks as sick as possible!
The ogre is almost dead.
You kill the ogre!
Okawaru is honoured by your kill.
You have reached level 8! 2 wights come into view.
Things that are here:
a +0 giant club; an ogre corpse
q - a +0 giant club
There is an open door here.
A wight is nearby!
There is a stone staircase leading up, spattered with blood here.
You fly upwards.
There is a stone staircase leading down here.
HP restored.
Done exploring.
You fly downwards.
The wight misses you.
The wight hits you with a +0 great sword!
You feel drained.
The wight hits you with a +0 great sword!
You feel drained.
The wight hits you with a +0 great sword!
There is a stone staircase leading up, spattered with blood here.
The wight hits you with a +0 great sword!
You feel drained. The wight closely misses you.
You fly upwards.
There is a stone staircase leading down here.
The wight hits you with a +0 great sword!
* * * LOW HITPOINT WARNING * * *
You feel drained.
* * * LOW HITPOINT WARNING * * *
The wight attacks as you move away!
The wight hits you with a +0 great sword!!
You die...

#....# ##...## #####....#
##.##.....# ####
####........## ##..#
#.....##.#...# ##...#####
........##...### #.....##.##
...)........##>###.##...#..##
).............[z@..##.......#
...............z..###.......#
....†###.#........##....##.##
...........##............#.#
.....##....................##
..............#..#..........#
.##......#..####.#..........#
.).......#..# #............#
#.#####.....# ##...........#


You could see 2 wights.

Vanquished Creatures
  2 ice beasts
  An ogre (D:6)
  2 necrophages (D:5)
  3 wights
  A jelly (D:5)
  An orc priest (D:4)
  2 iguanas (D:5)
  Robin (D:4)
  7 gnolls
  7 adders
  6 dart slugs
  4 orcs
  8 bats
  7 endoplasms
  5 giant cockroaches
  3 hobgoblins
  6 kobolds
  5 quokkas
  7 ball pythons
  3 frilled lizards
  12 goblins
  8 rats
101 creatures vanquished.

Vanquished Creatures (others)
  4 plants (D:3)
4 creatures vanquished.

Grand Total: 105 creatures vanquished

Notes
Turn   | Place    | Note
-------+----------+-------------------------------------------
     0 | D:1      | Rrauwl the Ogre Gladiator began the quest for the Orb.
     0 | D:1      | Reached XP level 1. HP: 22/22 MP: 1/1
   132 | D:1      | Reached XP level 2. HP: 25/31 MP: 2/2
   385 | D:1      | You fall into a shaft and drop 1 floor!
   424 | D:2      | Reached skill level 3 in Maces & Flails
   482 | D:2      | Reached XP level 3. HP: 35/37 MP: 3/3
   932 | D:2      | Got the Encyclopedia of Conflict and Accompaniment
  1105 | D:3      | Found an iron altar of Okawaru.
  1118 | D:3      | Became a worshipper of Warmaster Okawaru
  1158 | D:3      | Found a broken altar of Ashenzari.
  1220 | D:3      | Reached XP level 4. HP: 48/48 MP: 4/4
  1544 | D:3      | Gained mutation: Your muscles are strong. (Str +4, Int/Dex
                  | -1) [potion of mutation]
  1758 | D:3      | Reached skill level 4 in Maces & Flails
  2007 | D:3      | Found a snail-covered altar of Cheibriados.
  2090 | D:3      | Found a basalt altar of Yredelemnul.
  2100 | D:3      | Reached XP level 5. HP: 46/54 MP: 5/5
  2223 | D:4      | Noticed Robin
  2233 | D:4      | Killed Robin
  2276 | D:4      | Reached skill level 5 in Maces & Flails
  2596 | D:4      | Reached XP level 6. HP: 24/62 MP: 6/6
  3012 | D:5      | Entered Level 5 of the Dungeon
  3097 | D:5      | Found a staircase to the Ecumenical Temple.
  3133 | Temple   | Entered the Ecumenical Temple
  3271 | D:5      | Reached * piety under Okawaru
  3379 | D:5      | Reached skill level 6 in Maces & Flails
  3454 | D:5      | Identified the +9 morningstar of the Wraith {venom, Fly
                  | Int+7 Stlth+}
  3552 | D:5      | Reached XP level 7. HP: 64/70 MP: 7/7
  3644 | D:5      | Found a glowing golden altar of the Shining One.
  3761 | D:5      | Found Kigychao's Magic Scroll Shop.
  3775 | D:5      | Reached skill level 7 in Maces & Flails
  3902 | D:5      | Bought a scroll of teleportation for 33 gold pieces
  3902 | D:5      | Bought a scroll of teleportation for 33 gold pieces
  3902 | D:5      | Bought a scroll of enchant weapon for 82 gold pieces
  3902 | D:5      | Bought a scroll of poison for 44 gold pieces
  4036 | D:6      | Reached ** piety under Okawaru
  4037 | D:6      | Reached skill level 8 in Maces & Flails
  4042 | D:6      | Reached XP level 8. HP: 40/78 MP: 8/8
  4161 | D:5      | Slain by a wight

Illustrated notes

Levels and vault maps discovered:
D:1:      minmay_arrival_wavy_path, layout_rooms, minmay_statues_item
D:2:      layout_rooms, minmay_fractal_squares_gapless_5
D:3:      layout_loops_ring, mainiacjoe_overflow_boulevard,
          mainiacjoe_overflow_alcove_4, nicolae_overflow_crystal_walls,
          kennysheep_slug_shrine, kennysheep_generic_room_6
D:4:      layout_basic, uniq_robin
D:5:      layout_cave_pools, tso_oasis_becter, minmay_temple_entry_slanted,
          kennysheep_small_square
D:6:      layout_gridville, nicolae_overflow_hidden_temple, uniq_pikel,
          uniq_grinder
Temple:   nicolae_temple_ecumenical_triangle

Skill      XL: |  1  2  3  4  5  6  7 |
---------------+----------------------+-----
Fighting       | 3 4 |  4.0
Dodging        | 3 |  3.0
Maces & Flails | 3 4 5 6 8 |  8.3
Throwing       | |  2.0

Action                   |  1- 3 |  4- 6 |  7- 9 || total
-------------------------+-------+-------+-------++-------
Melee: Flail             |   135 |   146 |       ||   281
       Punch             |     2 |     3 |       ||     5
       Morningstar       |       |    10 |    27 ||    37
Throw: Large rock        |     2 |     6 |       ||     8
       Throwing net      |     1 |    12 |       ||    13
  Use: Scroll            |     6 |     3 |       ||     9
       Potion            |     3 |     4 |       ||     7
 Stab: Sleeping          |       |     1 |     1 ||     2
Armor: Robe              |    61 |    39 |     2 ||   102
Dodge: Dodged            |    88 |    79 |    12 ||   179

Table legend: (Time is in decaauts)
 A = Elapsed time spent in this place.
 B = Non-inter-level travel time spent in this place.
 C = Inter-level travel time spent in this place.
 D = Time resting spent in this place.
 E = Time spent auto-exploring this place.
 F = Levels seen in this place.
 G = Mean time per level.
                   A        B        C        D        E       F      G
               +--------+--------+--------+--------+--------+-----+--------+
         Total |   4230 |   4109 |    121 |     48 |   3158 |   7 |  604.3 |
       Dungeon |   4186 |   4083 |    103 |     48 |   3140 |   6 |  697.7 |
        Temple |     43 |     25 |     18 |      0 |     18 |   1 |   43.0 |
               +--------+--------+--------+--------+--------+-----+--------+

Top non-repeatable levels by time:
     D:3: 1088 daAuts
     D:5: 1015 daAuts
     D:4: 847 daAuts
     D:2: 741 daAuts
     D:1: 395 daAuts
     D:6: 98 daAuts
  Temple: 43 daAuts
